 Dungeon Crawl Stone Soup version 0.29-a0-284-gf9362112df (webtiles) character file.

Game seed: 12794117206557207844

46 spaghetti the Stinger (level 3, -3/28 HPs)
             Began as a Naga Venom Mage on Mar 25, 2022.
             Slain by a gnoll
             ... wielding a +0 spear
              (8 damage)
             ... on level 2 of the Dungeon.
             The game lasted 00:03:42 (1590 turns).

spaghetti the Stinger (Naga Venom Mage)             Turns: 1590, Time: 00:03:43

Health: -3/28      AC:  2    Str:  8 (10) XL:     3   Next: 68%
Magic:  7/7        EV:  9    Int: 16 (17) God:
Gold:   132        SH:  0    Dex: 10 (11) Spells: 6/7 levels left

rFire   . . .      SeeInvis +   m - +0 whip (elec) {mace}
rCold   . . .      Faith    .   (no shield)
rNeg    . . .      Spirit   .   a - +0 robe
rPois   +          Reflect  .   (no helmet)
rElec   .          Harm     .   (no cloak)
rCorr   .          Rampage  .   (no gloves)
Will    .....                   (no barding)
Stlth   ++........              (no amulet)
HPRegen 0.09/turn               (no ring)
MPRegen 0.10/turn               (no ring)

@: very slow
A: AC +1, large, see invisible, deformed body, poison resistance, slowness 2,
spit poison 1, naga tail 1
a: Spit Poison


You were on level 2 of the Dungeon.
You visited 1 branch of the dungeon, and saw 2 of its levels.

You collected 132 gold pieces.


Innate Abilities, Weirdness & Mutations

Your serpentine skin is tough. (AC +1)
You have supernaturally acute eyesight. (SInv)
Armour fits poorly on your strangely shaped body.
Your system is resistant to poisons. (rPois)
You cover ground very slowly.
You can spit poison.
You have a snake-like lower body.


   Skills:
 - Level 1.5 Dodging
 - Level 3.0 Stealth
 + Level 2.8 Spellcasting
 - Level 1.0 Transmutations
 + Level 5.2 Poison Magic


You had 6 spell levels left.
You knew the following spells:

 Your Spells              Type           Power      Damage    Failure   Level
a - Sting                 Tmut/Pois      48%        1d5       5%          1

Your spell library contained the following spells:

 Spells                   Type           Power      Damage    Failure   Level
 Poisonous Vapours        Pois/Air       20%        N/A       10%         2
 Olgreb's Toxic Radiance  Pois           19%        N/A       22%         4
 Mephitic Cloud           Conj/Pois/Air  7%         N/A       28%         3

Inventory:

Hand Weapons
 c - a +0 club {mace}
   (You took it off a goblin on level 1 of the Dungeon)
 d - a +0 short sword {short}
   (You found it on level 1 of the Dungeon)
 f - a +0 short sword {short}
   (You took it off a kobold on level 1 of the Dungeon)
 m - a +0 whip of electrocution (weapon) {mace}
   (You found it on level 1 of the Dungeon)
Missiles
 j - 12 poisoned darts {throwing}
 o - 24 stones {throwing}
Armour
 a - a +0 robe (worn)
 n - a +0 helmet
   (You found it on level 1 of the Dungeon)
Magical Staves
 k - a staff of cold {!astaff}
   (You found it on level 1 of the Dungeon)
Scrolls
 e - 2 scrolls of teleportation {@r4}
 h - 2 scrolls of fog
 l - a scroll of amnesia
 p - a scroll of enchant armour
 r - a scroll of magic mapping {!r}
Potions
 b - a potion of magic
 i - a potion of curing {@q1}

Dungeon Overview and Level Annotations

Branches:
Dungeon (2/15)

Altars:

..#...........# #
#.###..####.#
.#......# #
........#
.......># #
......#.# .#
.).#..#.####.###..
......#....gg.....
..###.#...@rg.....
. #...........
#...........
#.##.#.#####
#.##.#.# #.##.#.#
#.##.# # #.#


You could see 3 gnolls and a rat.


Message History

Your hp is fully restored (28).
Your mp is fully restored (7).
A ball python is nearby!
A ball python is nearby!
A ball python is nearby!
A ball python is nearby!
Aiming: Sting (safe; 5% risk of failure)
Press: ? - help, Q - select action, (/) - cycle Shift-Dir - straight line, f - you That beam is likely to hit you.
Continue anyway? [Y]es or [N]o only, please.
That beam is likely to hit you.
Continue anyway? [Y]es or [N]o only, please.
That beam is likely to hit you.
Continue anyway?
Okay, then.
There is a stone staircase leading down here.
Aiming: Spit Poison (2% risk of failure)
Press: ? - help, Shift-Dir - straight line, f - ball python
Aim: a ball python (54% to hit)
The splash of poison hits the ball python!
The ball python is poisoned.
You kill the ball python!
e - 2 scrolls of teleportation {@r4} (gained 1)
You have got your breath back.
A gnoll comes into view. It is wielding a +0 spear.
A gnoll is nearby!
A gnoll is nearby!
A gnoll is nearby!
A gnoll is nearby!
A gnoll comes into view. It is wielding a +0 whip of venom.
A gnoll comes into view. It is wielding a +0 flail.
The gnoll shouts! x2; You hear a shout!
A rat comes into view.
A gnoll comes into view. It is wielding a +0 spear.
Aiming: Sting (safe; 4% risk of failure)
Press: ? - help, Q - select action, (/) - cycle Shift-Dir - straight line, f - gnoll
Aim: a gnoll, wielding a +0 whip of venom (75% to hit)
The sting hits the gnoll.
The gnoll is poisoned. 😎 MP[-1]
You lost 1 mp, and now have 6/7 mp.
You aren't carrying any items that you can evoke.
Unknown command.
It was a potion of curing.
You feel better. The gnoll barely misses you.
You hit the gnoll.
The gnoll hits you with a +0 whip of venom!
The gnoll closely misses you. 😮 HP[-7]
You take 7 damage, and now have 21/28 hp.
MASSIVE DAMAGE!! (PAUSE)
You hit the gnoll. The gnoll completely misses you.
The gnoll hits you from afar with a +0 spear!
* * * LOW HITPOINT WARNING * * *
😨 HP[-8]
You take 8 damage, and now have 13/28 hp.
MASSIVE DAMAGE!! (PAUSE)
Aiming: Spit Poison (2% risk of failure)
Press: ? - help, Shift-Dir - straight line, f - gnoll, p - gnoll
Aim: a gnoll, wielding a +0 spear (65% to hit)
The splash of poison hits the gnoll!
The gnoll looks even sicker.
You kill the gnoll!
The gnoll barely misses you. The gnoll closely misses you.
It was a potion of degeneration.
There was something very wrong with that liquid.
You feel weakened.
You feel dopey.
You feel clumsy. The gnoll hits you but does no damage.
The gnoll hits you from afar with a +0 spear.
* * * LOW HITPOINT WARNING * * *
The rat bites you.
* * * LOW HITPOINT WARNING * * *
The gnoll hits you from afar with a +0 spear.
* * * LOW HITPOINT WARNING * * *
😱 HP[-10]
You take 10 damage, and now have 3/28 hp.
MASSIVE DAMAGE!! (PAUSE) It was a potion of heal wounds.
You feel much better. The gnoll barely misses you. The rat bites you.
The gnoll hits you from afar with a +0 spear.
The gnoll hits you from afar with a +0 spear! 😮 HP[+13]
You regained 13 hp, and now have 16/28 hp.
Unknown command.
You hit the gnoll. The rat bites you but does no damage.
The gnoll barely misses you. The gnoll misses you.
The gnoll hits you from afar with a +0 spear.
* * * LOW HITPOINT WARNING * * *
😨 HP[-3]
You take 3 damage, and now have 13/28 hp.
Unknown command.
You closely miss the gnoll.
You have got your breath back.
The gnoll barely misses you. The rat bites you but does no damage.
The gnoll hits you from afar with a +0 spear!
* * * LOW HITPOINT WARNING * * *
The gnoll hits you from afar with a +0 spear.
* * * LOW HITPOINT WARNING * * *
😱 HP[-8]
You take 8 damage, and now have 5/28 hp.
MASSIVE DAMAGE!! (PAUSE)
You barely miss the gnoll. The gnoll barely misses you.
The rat closely misses you.
The gnoll hits you from afar with a +0 spear!
You die...

Skill      XL: |  1  2  3 |
---------------+----------+-----
Poison Magic   | 5 |  5.2
Dodging        | |  1.5
Stealth        | |  3.0
Spellcasting   | |  2.8
Transmutations | |  1.0

Action                   || total
-------------------------++-------
Melee: Unarmed           ||    11
       Punch             ||     1
       Whip              ||    13
       Short sword       ||     1
 Cast: Sting             ||    23
 Abil: Spit Poison       ||    16
  Use: Scroll            ||     5
       Potion            ||     3
Armor: Robe              ||     7
Dodge: Dodged            ||    26

Levels and vault maps discovered:
D:1:      minmay_arrival_plants_in_alcoves, layout_loops_ring
D:2:      layout_basic, dilly_ecumenical_altar_fadedgnrine

Notes
Turn   | Place    | Note
-------+----------+-------------------------------------------
     0 | D:1      | spaghetti the Naga Venom Mage began the quest for the Orb.
     0 | D:1      | Reached XP level 1. HP: 15/15 MP: 3/3
     0 | D:1      | magus.rc [v1.9.6]
   302 | D:1      | Reached XP level 2. HP: 19/22 MP: 1/5
   494 | D:1      | HP: 5/22 [goblin/+0 dagger (1)]
  1288 | D:2      | Reached XP level 3. HP: 28/28 MP: 6/6
  1377 | D:2      | Reached skill level 5 in Poison Magic
  1586 | D:2      | HP: 6/28 [rat (2)]
  1590 | D:2      | Slain by a gnoll

Vanquished Creatures
  A gnoll (D:2)
  An adder (D:2)
  6 ball pythons
  2 endoplasms (D:2)
  3 giant cockroaches (D:1)
  4 goblins
  A hobgoblin (D:2)
  3 kobolds (D:1)
  3 bats
  A frilled lizard (D:2)
  2 rats (D:1)
27 creatures vanquished.

Table legend:
 A = Non-vault XP
 B = Vault XP
 C = Vault XP percentage of total XP
 D = Non-vault monster count
 E = Vault monster count
 F = Vault count percentage of total count
                 A         B        C        D         E       F
            +---------+---------+-------+---------+---------+-------
      Total |      67 |       0 |   0.0 |      27 |       0 |   0.0
            +---------+---------+-------+---------+---------+-------
        D:1 |      27 |       0 |   0.0 |      17 |       0 |   0.0
        D:2 |      40 |       0 |   0.0 |      10 |       0 |   0.0
            +---------+---------+-------+---------+---------+-------

Illustrated notes

Table legend:
 A = Kills in this place as a percentage of kills in entire the game.
 B = Kills by you in this place as a percentage of kills by you in the entire game.
 C = Kills by friends in this place as a percentage of kills by friends in the entire game.
 D = Other kills in this place as a percentage of other kills in the entire game.
 E = Experience gained in this place as a percentage of experience gained in the entire game.
 F = Experience gained in this place divided by the number of levels of this place that you have seen.
                   A       B       C       D       E      F
               +-------+-------+-------+-------+-------+----------------------
         Total | 100.0 | 100.0 |   N/A |   N/A | 100.0 |  33.5
       Dungeon | 100.0 | 100.0 |   N/A |   N/A | 100.0 |  33.5
               +-------+-------+-------+-------+-------+----------------------

Table legend: (Time is in decaauts)
 A = Elapsed time spent in this place.
 B = Non-inter-level travel time spent in this place.
 C = Inter-level travel time spent in this place.
 D = Time resting spent in this place.
 E = Time spent auto-exploring this place.
 F = Levels seen in this place.
 G = Mean time per level.
                   A        B        C        D        E       F      G
               +--------+--------+--------+--------+--------+-----+--------+
         Total |   1897 |   1889 |      8 |    476 |   1199 |   2 |  948.5 |
       Dungeon |   1897 |   1889 |      8 |    476 |   1199 |   2 |  948.5 |
               +--------+--------+--------+--------+--------+-----+--------+

Top non-repeatable levels by time:
     D:1: 1340 daAuts
     D:2: 557 daAuts
